 Dungeon Crawl Stone Soup version 0.26-a0-259-g1effd001a9 (webtiles) character file.

Game seed: 4940637431266797358

13687 HoaS the Cruncher (level 12, -19/84 HPs)
             Began as a Gargoyle Gladiator on July 19, 2020.
             Was a High Priest of Makhleb.
             Killed from afar by Frances (40 damage)
             ... with a shard of ice
             ... on level 11 of the Dungeon.
             The game lasted 00:29:44 (12171 turns).

HoaS the Cruncher (Gargoyle Gladiator)             Turns: 12171, Time: 00:29:45

Health: -19/84     AC: 21    Str: 20    XL:     12   Next: 8%
Magic:  12/12      EV: 10    Int:  8    God:    Makhleb [*****.]
Gold:   607        SH:  0    Dex: 15    Spells: 11/11 levels left

rFire    . . .     SeeInvis .   a - +1 quarterstaff
rCold    . . .     Faith    .   (shield currently unavailable)
rNeg     + . .     Spirit   .   K - +0 plate armour
rPois    ∞         Reflect  .   c - +1 helmet
rElec    +         Harm     .   (no cloak)
rCorr    .                      (no gloves)
MR       +....                  I - +0 pair of boots
Stlth    ..........             (no amulet)
HPRegen  0.24/turn              i - ring of protection from magic
MPRegen  0.13/turn              F - +4 ring of evasion

@: about to teleport
A: negative energy resistance 1, electricity resistance, unbreathing,
petrification resistance, rot immunity, AC +8
a: Minor Destruction, Lesser Servant of Makhleb, Major Destruction, Greater
Servant of Makhleb, Renounce Religion


You were on level 11 of the Dungeon.
You worshipped Makhleb.
Makhleb was extremely pleased with you.
You were not hungry.

You visited 1 branch of the dungeon, and saw 12 of its levels.
You also visited: Ossuary.

You collected 607 gold pieces.

Inventory:

Hand Weapons
 a - a +1 quarterstaff (weapon)
Missiles
 e - 33 poisoned darts (quivered)
 j - 4 atropa-tipped darts
 k - 17 boomerangs
 r - 13 javelins
 D - 5 silver boomerangs
Armour
 c - a +1 helmet (worn)
 I - a +0 pair of boots (worn)
 K - a +0 plate armour (worn)
Jewellery
 i - a ring of protection from magic (left hand)
 F - a +4 ring of evasion (right hand)
Wands
 d - a wand of random effects (42)
 w - a wand of paralysis (1)
 B - a wand of polymorph (5)
 E - a wand of digging (6)
 J - a wand of acid (4)
Scrolls
 p - 5 scrolls of identify
 u - 2 scrolls of fear
 v - 2 scrolls of enchant weapon
 y - 6 scrolls of fog
 z - 6 scrolls of remove curse
 H - 2 scrolls of enchant armour
Potions
 b - 2 potions of haste {unknown}
 g - a potion of lignification {unknown}
 h - 2 potions of invisibility
 l - 3 potions of flight
 m - 2 potions of heal wounds {unknown}
 n - 7 potions of curing
 o - a potion of magic {unknown}
 q - 2 potions of mutation {unknown}
 s - a potion of brilliance {unknown}
 t - a potion of ambrosia {unknown}
 x - 2 potions of might
 A - a potion of resistance {unknown}
 C - 2 potions of berserk rage {unknown}
Comestibles
 f - 34 rations


   Skills:
 + Level 13.7 Fighting
 - Level 14.0 Staves
 - Level 1.7 Throwing
 - Level 2.4 Dodging


You had 11 spell levels left.
You didn't know any spells.
Your spell library contained the following spells:

 Spells                   Type           Power        Failure   Level
 Freeze                   Ice            #...         100%        1
 Summon Butterflies       Summ           #.......     100%        1
 Call Canine Familiar     Summ           #.......     100%        3
 Frozen Ramparts          Ice            #.....       100%        3
 Ozocubu's Armour         Chrm/Ice       #.......     100%        3
 Hailstorm                Conj/Ice       #.......     100%        4
 Summon Ice Beast         Ice/Summ       #.......     100%        4
 Summon Mana Viper        Hex/Summ       #.......     100%        5
 Summon Hydra             Summ           #.........   100%        7


Dungeon Overview and Level Annotations

Branches:
Dungeon (12/15)            Temple (0/1) D:5            Lair (0/6) D:8
Ossuary (visited)
    Orc: D:9-12

Altars:
Gozag
Kikubaaqudgha
Makhleb
Nemelex Xobeh
Okawaru
Wu Jian
Xom

Shops:
D:10 *

Portals:
Trove: D:12 (give 7 scrolls of blinking)

Annotations:
D:9 1 runed translucent door, exclusion: orange crystal statue, Gruesome's ghost, journeyman FoFi
D:11 Frances
D:12 Sonja


Innate Abilities, Weirdness & Mutations

You are resistant to torment.
Your stone body is resilient. (AC +8)
You are immune to poison.
You resist negative energy. (rN+)
You are resistant to electric shocks. (rElec)
You can survive without breathing.
You are immune to petrification.
You are immune to rotting.


Message History

The ice devil disappears in a puff of smoke!
The sixfirhy barely misses you.
The sixfirhy hits you but does no damage.
Frances screams a word of power!
The iron shot hits you!
The sixfirhy hits you but does no damage.
The sixfirhy barely misses you.
Frances mutters in a terrible tongue.
The iron shot hits you!!!
* * * LOW HITPOINT WARNING * * *
The sixfirhy hits you but does no damage. x2
You climb upwards.
The sixfirhy disappears in a puff of smoke! x2
The orange demon disappears in a puff of smoke!
There is a stone staircase leading down here.
As you read the scroll of teleportation, it crumbles to dust.
You feel strangely unstable.
Frances whispers indecipherable words.
The shard of ice hits you!!!
You die...

........## #.# ###.###.#
#.# ###.# #.# ##.####
....###'## #.....#
######...## #.)...#
##.....## ##.....#
##.......## ##......#
###.........####....>..#
..)........[[.).@@^...##
###.........####...#..#
##.......## ##.....#
##.....## ##..#.#
##...## #..#.# ##'##
#..#.# #######.# #....#
......#.##### ##.###
#####.#.#...## #.#


You could see Frances (fast).

Vanquished Creatures
  A two-headed ogre (D:11)
  3 skeletal warriors (D:11)
  2 gargoyles
  A freezing wraith (D:11)
  2 komodo dragons (D:8)
  A queen bee (D:7)
  Prince Ribbit (D:4)
  5 hippogriffs
  Sigmund (D:5)
  2 wraiths (D:10)
  4 yaks (D:10)
  2 wyverns (D:8)
  Grum (D:9)
  A soldier ant (D:11)
  A swamp drake (D:8)
  3 ice beasts
  2 sky beasts
  3 orc warriors
  2 black bears
  A necrophage (D:11)
  11 centaurs
  4 ogres
  4 wolves (D:9)
  2 crocodiles (D:8)
  6 bullfrogs
  3 water moccasin zombies (Ossuary)
  4 scorpions
  24 killer bees
  11 wights
  3 bullfrog zombies
  A quasit (D:9)
  3 jellies
  11 orc wizards
  2 gnoll shamans
  9 orc priests
  7 hounds
  3 bullfrog skeletons
  2 centaur skeletons
  Ijyb (D:5)
  An iguana (D:7)
  8 worker ants
  A killer bee zombie (D:9)
  3 big kobold zombies (Ossuary)
  2 mummies (Ossuary)
  4 gnolls (D:9)
  13 adders
  2 shadow imps
  5 white imps
  5 ufetubi
  An ooze (D:3)
  5 adder zombies
  2 adder skeletons (D:4)
  2 dart slugs
  7 leopard geckos
  43 orcs
  5 bats
  3 giant cockroaches
  4 gnoll zombies (Ossuary)
  9 goblins
  6 hobgoblins
  6 jackals
  2 quokkas
  A ball python (D:3)
  A ball python skeleton (D:4)
  A frilled lizard (D:3)
  4 hobgoblin zombies (Ossuary)
  A jackal zombie (D:5)
  7 kobolds
  6 kobold zombies (Ossuary)
  A leopard gecko skeleton (D:9)
  A leopard gecko zombie (D:6)
  8 orc zombies (Ossuary)
  A quokka zombie (D:5)
  11 rats
332 creatures vanquished.

Vanquished Creatures (others)
  An ogre (D:10)
1 creature vanquished.

Grand Total: 333 creatures vanquished

Notes
Turn   | Place    | Note
-------+----------+-------------------------------------------
     0 | D:1      | HoaS the Gargoyle Gladiator began the quest for the Orb.
     0 | D:1      | Reached XP level 1. HP: 12/12 MP: 1/1
   306 | D:1      | Reached XP level 2. HP: 18/18 MP: 2/2
  1046 | D:2      | Reached XP level 3. HP: 20/22 MP: 3/3
  1323 | D:2      | Reached skill level 4 in Staves
  1588 | D:2      | Reached XP level 4. HP: 24/28 MP: 4/4
  2493 | D:3      | Reached skill level 5 in Staves
  2493 | D:3      | Reached XP level 5. HP: 33/33 MP: 5/5
  3151 | D:4      | Reached XP level 6. HP: 21/38 MP: 6/6
  3390 | D:4      | Reached skill level 6 in Staves
  3467 | D:4      | Found a burning altar of Makhleb.
  3484 | D:4      | Became a worshipper of Makhleb the Destroyer
  3496 | D:4      | Reached XP level 7. HP: 44/44 MP: 7/7
  3646 | D:4      | Reached skill level 5 in Fighting
  3805 | D:5      | Entered Level 5 of the Dungeon
  3805 | D:5      | Found a shimmering altar of Xom.
  3805 | D:5      | Noticed Prince Ribbit
  3816 | D:5      | Noticed Sigmund
  3823 | D:5      | Noticed Ijyb
  3825 | D:5      | Killed Sigmund
  3825 | D:5      | Reached skill level 7 in Staves
  3840 | D:5      | Killed Ijyb
  3893 | D:5      | Reached XP level 8. HP: 8/51 MP: 8/8
  4055 | D:5      | Reached skill level 8 in Staves
  4074 | D:5      | Found a sand-covered staircase.
  4078 | Ossuary  | Entered an ossuary
  4262 | Ossuary  | Reached * piety under Makhleb
  4468 | Ossuary  | Reached ** piety under Makhleb
  4802 | D:5      | Reached skill level 9 in Staves
  4977 | D:5      | Found a staircase to the Ecumenical Temple.
  5241 | D:6      | Found an iron altar of Okawaru.
  5244 | D:6      | Reached XP level 9. HP: 57/57 MP: 9/9
  5472 | D:6      | Reached *** piety under Makhleb
  5472 | D:6      | Reached skill level 10 in Staves
  5965 | D:7      | Found a sparkling altar of Nemelex Xobeh.
  6039 | D:7      | Found a shimmering altar of Xom.
  6471 | D:8      | Noticed a queen bee
  6626 | D:7      | Killed a queen bee
  6626 | D:7      | Reached skill level 11 in Staves
  6838 | D:8      | Reached XP level 10. HP: 58/66 MP: 10/10
  6872 | D:8      | Reached **** piety under Makhleb
  7012 | D:8      | Reached skill level 12 in Staves
  7018 | D:8      | Found an ancient bone altar of Kikubaaqudgha.
  7019 | D:8      | Found an opulent altar of Gozag.
  7128 | D:8      | Found an ornate altar of the Wu Jian Council.
  7646 | D:8      | Reached skill level 10 in Fighting
  8017 | D:8      | Found a staircase to the Lair.
  8094 | D:9      | Found a runed translucent door.
  8094 | D:9      | Noticed Gruesome's ghost (journeyman FoFi)
  8188 | D:9      | Reached skill level 13 in Staves
  8728 | D:9      | Reached ***** piety under Makhleb
  8802 | D:9      | Reached XP level 11. HP: 69/73 MP: 11/11
  8806 | D:9      | Noticed Grum
  8829 | D:9      | Killed Grum
  8862 | D:9      | Found a runed translucent door.
  8998 | D:4      | Killed Prince Ribbit
  9122 | D:9      | Found a runed translucent door.
  9156 | D:9      | Found a runed translucent door.
  9169 | D:9      | Found a runed translucent door.
  9226 | D:9      | Noticed an orange crystal statue
  9294 | D:10     | Entered Level 10 of the Dungeon
 10105 | D:10     | Found Gaicuq's General Store.
 10192 | D:10     | Reached skill level 14 in Staves
 10813 | D:11     | Noticed a two-headed ogre
 10825 | D:11     | Killed a two-headed ogre
 11605 | D:12     | Noticed Sonja
 11605 | D:12     | Noticed a skeletal warrior
 11605 | D:12     | Noticed a skeletal warrior
 11605 | D:12     | Noticed a skeletal warrior
 11636 | D:11     | Killed a skeletal warrior
 11658 | D:11     | Killed a skeletal warrior
 11658 | D:11     | Reached XP level 12. HP: 40/84 MP: 12/12
 12159 | D:12     | Noticed Frances
 12161 | D:12     | Found a portal to a secret trove of treasure.
 12171 | D:11     | Killed from afar by Frances

Illustrated notes

Levels and vault maps discovered:
D:1:      dpeg_arrival_houses_and_road, layout_basic
D:2:      layout_rooms, first_ration, kennysheep_generic_room_5
D:3:      layout_basic, minmay_misc_feat_four_crosses
D:4:      layout_loops_ring, lemuel_doored_altar, kennysheep_generic_room_15
D:5:      layout_rooms, lemuel_crystal_altar, temple_green, enter_ossuary_5,
          uniq_ijyb, uniq_prince_ribbit1, uniq_sigmund
D:6:      layout_loops_ring, okawaru_altar_gauntlet_db
D:7:      layout_loops_ring, kennysheep_little_box, basic_altar
D:8:      layout_loops_ring, grunt_temple_overflow_open, erik_lair_dragon,
          david_nohive_1
D:9:      layout_gridville, ebering_ghost_inner_flame,
          minmay_statue_crystal_thing, uniq_grum
D:10:     layout_loops_ring, serial_shops, kennysheep_mini
D:11:     layout_loops_corners, kennysheep_nondescript, grunt_ministairs_8
D:12:     cheibrodos_ideogram_h, layout_basic, zombieorc2_lemuel,
          nicolae_trove_entry_crossroad, lightli_wizard_tower, uniq_frances,
          uniq_sonja

Skill      XL: |  1  2  3  4  5  6  7  8  9 10 11 |
---------------+----------------------------------+-----
Staves         | 4 5 6 7 9 11 13 14 | 14.0
Fighting       | 3 4 5 7 9 10 13 | 13.7
Throwing       | |  1.7
Dodging        | |  2.4

Action                   |  1- 3 |  4- 6 |  7- 9 | 10-12 || total
-------------------------+-------+-------+-------+-------++-------
Melee: Quarterstaff      |    95 |   143 |   584 |   748 ||  1570
Throw: Throwing net      |       |     2 |     3 |     2 ||     7
       Dart              |       |       |     3 |       ||     3
  Use: Scroll            |     7 |     1 |     9 |     6 ||    23
       Potion            |       |       |       |     4 ||     4
 Stab: Held in net/web   |       |     1 |     2 |     3 ||     6
  Eat: Ration            |     1 |     2 |     2 |     5 ||    10
Armor: Leather armour    |     7 |       |       |       ||     7
       Ring mail         |    50 |    29 |       |       ||    79
       Scale mail        |       |    26 |    76 |       ||   102
       Chain mail        |       |       |   261 |   154 ||   415
       Plate armour      |       |       |       |   198 ||   198
Dodge: Dodged            |    94 |    65 |   224 |   314 ||   697

Table legend:
 A = Non-vault XP
 B = Vault XP
 C = Vault XP percentage of total XP
 D = Non-vault monster count
 E = Vault monster count
 F = Vault count percentage of total count
                 A         B        C        D         E       F
            +---------+---------+-------+---------+---------+-------
      Total |   14162 |    5391 |  27.6 |     255 |      78 |  23.4
            +---------+---------+-------+---------+---------+-------
        D:1 |      37 |       0 |   0.0 |      13 |       0 |   0.0
        D:2 |      54 |       5 |   8.5 |      17 |       2 |  10.5
        D:3 |     195 |       0 |   0.0 |      31 |       0 |   0.0
        D:4 |     271 |     418 |  60.7 |      15 |       3 |  16.7
        D:5 |     540 |     259 |  32.4 |      18 |       2 |  10.0
        D:6 |     985 |      12 |   1.2 |      30 |       6 |  16.7
        D:7 |     742 |     613 |  45.2 |      18 |       6 |  25.0
        D:8 |    1980 |    1975 |  49.9 |      24 |      15 |  38.5
        D:9 |    1245 |     650 |  34.3 |      29 |       5 |  14.7
       D:10 |    2574 |    1063 |  29.2 |      34 |       5 |  12.8
       D:11 |    5452 |       0 |   0.0 |      22 |       0 |   0.0
       D:12 |      87 |       0 |   0.0 |       4 |       0 |   0.0
    Ossuary |       0 |     396 | 100.0 |       0 |      34 | 100.0
            +---------+---------+-------+---------+---------+-------
